 Dungeon Crawl Stone Soup version 0.28.0-1-gb440e238dd (webtiles) character file.

Game seed: 12431567943065237204

95 Ablot the Grasshopper (level 4, -3/38 HPs)
             Began as a Gnoll Warper on Feb 20, 2022.
             Killed from afar by an orc wizard (6 damage)
             ... with a puff of flame
             ... on level 3 of the Dungeon.
             The game lasted 00:02:14 (1335 turns).

Ablot the Grasshopper (Gnoll Warper)                Turns: 1335, Time: 00:02:15

Health: -3/38      AC:  3    Str: 18    XL:     4   Next: 65%
Magic:  11/11      EV: 13    Int: 12    God:
Gold:   43         SH:  0    Dex: 12    Spells: 11/13 levels left

rFire   . . .      SeeInvis .   i - +5 long sword "Nabuiw" {vorpal, *Rage rC+ rN+}
rCold   + . .      Faith    .   (no shield)
rNeg    + . .      Spirit   .   b - +0 leather armour
rPois   .          Reflect  .   (no helmet)
rElec   .          Harm     .   (no cloak)
rCorr   .          Rampage  .   (no gloves)
Will    .....      Rage     20% (no boots)
Stlth   +.........              (no amulet)
HPRegen 0.12/turn               k - +6 ring of strength
MPRegen 0.12/turn               (no ring)

@: on berserk cooldown, slowed, very slow
A: fangs 1, strong nose, distributed training
a: no special abilities


You were on level 3 of the Dungeon.
You visited 1 branch of the dungeon, and saw 3 of its levels.

You collected 43 gold pieces.

Inventory:

Hand Weapons
 a - a +0 spear
 i - the +5 long sword "Nabuiw" (weapon) {vorpal, *Rage rC+ rN+}
   (You found it on level 2 of the Dungeon)

   It inflicts extra damage upon your enemies.
   rC:        It protects you from cold.
   rN:        It protects you from negative energy.
   *Rage:     It berserks you when you make melee attacks (+20% chance).
Missiles
 d - 5 boomerangs of dispersal (quivered)
 h - 45 stones
 l - 6 boomerangs
Armour
 b - a +0 leather armour (worn)
Jewellery
 k - a +6 ring of strength (left hand)
Scrolls
 c - a scroll of blinking
 e - a scroll of fog {unknown}
 g - a scroll of identify {unknown}
 j - a scroll of enchant weapon {unknown}
Potions
 f - 2 potions of curing {unknown}
 m - a potion of berserk rage {unknown}


   Skills:
 + Level 4.6 Fighting
 + Level 1.2 Short Blades
 + Level 1.2 Long Blades
 + Level 1.2 Axes
 + Level 1.2 Maces & Flails
 + Level 4.6 Polearms
 + Level 1.2 Staves
 + Level 1.2 Slings
 + Level 1.2 Bows
 + Level 1.2 Crossbows
 + Level 2.8 Throwing
 + Level 2.8 Armour
 + Level 4.6 Dodging
 + Level 1.2 Stealth
 + Level 1.2 Shields
 + Level 1.2 Unarmed Combat
 + Level 5.1 Spellcasting
 + Level 1.0 Conjurations
 + Level 1.0 Hexes
 + Level 1.0 Summonings
 + Level 1.0 Necromancy
 + Level 5.5 Translocations
 + Level 1.0 Transmutations
 + Level 1.0 Fire Magic
 + Level 1.0 Ice Magic
 + Level 1.0 Air Magic
 + Level 1.0 Earth Magic
 + Level 1.0 Poison Magic
 + Level 1.3 Invocations
 + Level 1.2 Evocations


You had 11 spell levels left.
You knew the following spells:

 Your Spells              Type           Power      Damage    Failure   Level
a - Blink                 Tloc           32%        N/A       3%          2

Your spell library contained the following spells:

 Spells                   Type           Power      Damage    Failure   Level
 Gell's Gravitas          Tloc           16%        N/A       8%          3
 Lesser Beckoning         Tloc           16%        N/A       8%          3
 Teleport Other           Tloc           16%        N/A       8%          3
 Manifold Assault         Tloc           16%        N/A       56%         5


Dungeon Overview and Level Annotations

Branches:
Dungeon (3/15)

Altars:


Innate Abilities, Weirdness & Mutations

You have very sharp teeth.
Your uncanny sense of smell can sniff out nearby items.
Your experience applies equally to all skills.


Message History

You kill the orc!
An orc wizard comes into view. It is wielding a +0 dagger.
Things that are here:
a +0 hand axe; a +0 ring mail; an orc corpse The orc wizard points at you and mumbles some strange words.
You resist with some effort.
Things that are here:
a +0 hand axe; a +0 leather armour; an orc corpse You closely miss the orc wizard.
The orc wizard closely misses you.
The orc wizard hits you but does no damage.
You barely miss the orc wizard. Your punch misses the orc wizard.
Your bite misses the orc wizard.
The orc wizard gestures at you while chanting.
You are confused.
The orc wizard hits you but does no damage.
The orc wizard barely misses you.
The orc wizard hits you but does no damage.
The orc wizard casts a spell at you. The magic dart hits you!
* * * LOW HITPOINT WARNING * * *
Things that are here:
a +0 hand axe; a +0 leather armour; an orc corpse The orc wizard hits you with a +0 dagger.
* * * LOW HITPOINT WARNING * * *
You closely miss the orc wizard.
The orc wizard hits you with a +0 dagger.
* * * LOW HITPOINT WARNING * * *
The orc wizard closely misses you.
You feel less confused. The orc wizard barely misses you.
You closely miss the orc wizard. The orc wizard barely misses you.
The orc wizard hits you with a +0 dagger.
* * * LOW HITPOINT WARNING * * *
You miss the orc wizard.
The orc wizard hits you but does no damage.
The orc wizard misses you.
You miss the orc wizard. The orc wizard casts a spell at you.
The puff of flame hits you.
You die...

##. ##.. ∆###### ...
..^... #.. .<...# #
#.. #.##.#
..#.#..####.#.##?#
............#.##.#
.#.##.o)####.##.###.##
#.[..@†)).............
#.#########.#######.##
.. #... ## #....#
.....# #.#### #.# ###


You could see an orc wizard.

Vanquished Creatures
  An orc priest (D:3)
  A gnoll (D:1)
  An adder (D:2)
  A worm (D:2)
  2 dart slugs
  2 orcs (D:3)
  7 ball pythons
  4 bats (D:1)
  4 endoplasms
  2 giant cockroaches
  A goblin (D:1)
  2 hobgoblins
  2 quokkas
  3 frilled lizards
  2 kobolds (D:2)
  2 rats
37 creatures vanquished.

Notes
Turn   | Place    | Note
-------+----------+-------------------------------------------
     0 | D:1      | Ablot the Gnoll Warper began the quest for the Orb.
     0 | D:1      | Reached XP level 1. HP: 20/20 MP: 6/6
   222 | D:1      | Reached XP level 2. HP: 19/26 MP: 7/7
   227 | D:1      | Learned a level 2 spell: Blink
   384 | D:1      | Found a faded altar of an unknown god.
   405 | D:1      | Reached XP level 3. HP: 31/31 MP: 9/9
   412 | D:1      | Reached skill level 5 in Spellcasting
   921 | D:2      | Identified the +5 long sword "Nabuiw" {vorpal, *Rage rC+
                  | rN+}
   983 | D:2      | Reached skill level 1 in Invocations
  1174 | D:2      | Reached skill level 1 in Short Blades
  1174 | D:2      | Reached skill level 1 in Long Blades
  1174 | D:2      | Reached skill level 1 in Axes
  1174 | D:2      | Reached skill level 1 in Maces & Flails
  1174 | D:2      | Reached skill level 1 in Staves
  1174 | D:2      | Reached skill level 1 in Slings
  1174 | D:2      | Reached skill level 1 in Bows
  1174 | D:2      | Reached skill level 1 in Crossbows
  1174 | D:2      | Reached skill level 1 in Stealth
  1174 | D:2      | Reached skill level 1 in Shields
  1174 | D:2      | Reached skill level 1 in Unarmed Combat
  1174 | D:2      | Reached skill level 1 in Evocations
  1303 | D:2      | You fall into a shaft and drop 1 floor!
  1308 | D:3      | Reached XP level 4. HP: 38/38 MP: 11/11
  1314 | D:3      | Reached skill level 1 in Conjurations
  1314 | D:3      | Reached skill level 1 in Hexes
  1314 | D:3      | Reached skill level 1 in Summonings
  1314 | D:3      | Reached skill level 1 in Necromancy
  1314 | D:3      | Reached skill level 1 in Transmutations
  1314 | D:3      | Reached skill level 1 in Fire Magic
  1314 | D:3      | Reached skill level 1 in Ice Magic
  1314 | D:3      | Reached skill level 1 in Air Magic
  1314 | D:3      | Reached skill level 1 in Earth Magic
  1314 | D:3      | Reached skill level 1 in Poison Magic
  1335 | D:3      | Killed from afar by an orc wizard

Illustrated notes

Levels and vault maps discovered:
D:1:      ncdulo_halloftheorcs, layout_basic,
          hellmonk_ecumenical_altar_pennies_from_heaven, minmay_misc_feat_chi
D:2:      layout_rooms
D:3:      layout_basic, gammafunk_ghost_gnarly_gnolls, serial_shops,
          nicolae_shop_waterfront, minmay_misc_feat_five

Skill      XL: |  1  2  3  4 |
---------------+-------------+-----
Spellcasting   | 5 |  5.1
Invocations    | 1 |  1.3
Short Blades   | 1 |  1.2
Long Blades    | 1 |  1.2
Axes           | 1 |  1.2
Maces & Flails | 1 |  1.2
Staves         | 1 |  1.2
Slings         | 1 |  1.2
Bows           | 1 |  1.2
Crossbows      | 1 |  1.2
Stealth        | 1 |  1.2
Shields        | 1 |  1.2
Unarmed Combat | 1 |  1.2
Evocations     | 1 |  1.2
Conjurations   | 1 |  1.0
Hexes          | 1 |  1.0
Summonings     | 1 |  1.0
Necromancy     | 1 |  1.0
Transmutations | 1 |  1.0
Fire Magic     | 1 |  1.0
Ice Magic      | 1 |  1.0
Air Magic      | 1 |  1.0
Earth Magic    | 1 |  1.0
Poison Magic   | 1 |  1.0
Fighting       | |  4.6
Polearms       | |  4.6
Throwing       | |  2.8
Armour         | |  2.8
Dodging        | |  4.6
Translocations | |  5.5

Action                   |  1- 3 |  4- 6 || total
-------------------------+-------+-------++-------
Melee: Spear             |    73 |       ||    73
       Bite              |     7 |       ||     7
       Long sword        |    24 |    17 ||    41
       Punch             |     1 |       ||     1
 Stab: Sleeping          |     4 |       ||     4
       Distracted        |     1 |       ||     1
Armor: Leather armour    |     9 |     4 ||    13
Dodge: Dodged            |    45 |    14 ||    59
